 Dungeon Crawl Stone Soup version 0.30-a0-718-geaa24f58ff (webtiles) character file.

Game seed: 4827082495738207945

4360 Newt the Skirmisher (level 10, -5/66 HPs)
             Began as a Kobold Hunter on Jan 25, 2023.
             Was a Believer of Qazlal.
             Shot with an arrow by a centaur (13 damage)
             ... on level 7 of the Dungeon.
             The game lasted 00:07:19 (6451 turns).

Newt the Skirmisher (Kobold Hunter)                 Turns: 6451, Time: 00:07:20

Health: -5/66      AC: 11    Str:  8    XL:     10   Next: 60%
Magic:  13/13      EV: 18    Int: 11    God:    Qazlal [**....]
Gold:   382        SH:  3    Dex: 23    Spells: 9/9 levels left

rFire   . . .      SeeInvis +    f - +0 shortbow
rCold   . . .      Faith    .    (shield currently unavailable)
rNeg    . . .      Spirit   .    i - +0 troll leather armour
rPois   .          Reflect  .    p - +2 helmet {SInv}
rElec   .          Harm     .    (no cloak)
rCorr   .          Rampage  .    u - +2 pair of gloves {Stlth+}
Will    .....                    (no boots)
Stlth   +++                      m - amulet of magic regeneration
HPRegen 1.11/turn                (no ring)
MPRegen 0.53/turn                (no ring)

@: no status effects
A: small, no large weapons, nightstalker 3
a: Renounce Religion, Upheaval


You were on level 7 of the Dungeon.
You worshipped Qazlal.
Qazlal was pleased with you.
You visited 1 branch of the dungeon, and saw 7 of its levels.

You collected 382 gold pieces.

Inventory:

Hand Weapons
 a - a +1 shortbow of chaos
 f - a +0 shortbow (weapon)
Armour
 c - a +0 leather armour
 i - a +0 troll leather armour (worn)
 l - a +0 buckler
 p - a +2 helmet of see invisible (worn)
 u - a +2 pair of gloves of stealth (worn)
Jewellery
 m - an amulet of magic regeneration (around neck)
 t - a ring of poison resistance
Wands
 e - a wand of iceblast (1)
 n - a wand of paralysis (18)
 r - a wand of flame (14)
Scrolls
 b - 2 scrolls of immolation
 h - 3 scrolls of fear
 k - 2 scrolls of teleportation
 o - a scroll of identify
 s - a scroll of fog
Potions
 d - a potion of might
 g - a potion of lignification
 q - a potion of cancellation {unknown}
Miscellaneous
 j - a piece from Xom's chessboard (15/15)


   Skills:
 - Level 9.0 Fighting
 - Level 9.0 Ranged Weapons
 - Level 5.0 Armour
 - Level 6.0 Dodging
 - Level 1.3 Stealth
 + Level 4.0 Shields
 - Level 5.0 Invocations
 - Level 5.0 Evocations


You had 9 spell levels left.
You didn't know any spells.
Your spell library contained the following spells:

 Spells                   Type           Power      Damage    Failure   Level
 Frozen Ramparts          Ice            0%         1d1       82%         3
 Portal Projectile        Hex/Tloc       0%         N/A       82%         3
 Tukima's Dance           Hex            0%         N/A       82%         3
 Ice Form                 Ice/Tmut       0%         N/A       99%         4
 Summon Ice Beast         Ice/Summ       0%         N/A       99%         4
 Blade Hands              Tmut           0%         N/A       100%        5


Dungeon Overview and Level Annotations

Branches:
Dungeon (7/15)             Temple (0/1) D:6

Altars:
Kikubaaqudgha
Qazlal
Uskayaw
Vehumet
Xom
Yredelemnul
The Shining One

Shops:
D:1 [


Innate Abilities, Weirdness & Mutations

You are small and have problems with some larger weapons.
You are completely attuned to the shadows.


Message History

The orc warrior is almost dead.
The orc warrior completely misses you.
Fire: f) +0 shortbow
Press: ? - help, Q - select action, (/) - cycle Shift-Dir - straight line, f/p - orc warrior
Aim: an orc warrior, wielding a +0 short sword and wearing a +0 chain mail (almost dead, 68% to hit)
You shoot an arrow. The arrow hits the orc warrior!
You kill the orc warrior!
Qazlal accepts your kill.
Your Shields skill increases to level 4!
You start resting.
HP restored.
You start waiting.
You hear a shout!
A centaur comes into view.
It is wielding the +11 battleaxe "Emeuptol" {holy, Dex+5 SInv Stlth+} and wearing the ring of the Hurtling Messenger {Will+ Slay+3}.
A centaur is nearby!
You shoot an arrow. The arrow hits the centaur!
The centaur is moderately wounded.
The centaur unwields the +11 battleaxe "Emeuptol" {holy, Dex+5 SInv Stlth+}.
It stops glowing.
The centaur wields a +4 shortbow of electrocution.
You hear the crackle of electricity.
The centaur shoots an arrow.
The arrow hits you!
The centaur shoots an arrow.
The arrow hits you!
You are electrocuted!
You are too injured to fight recklessly!
Fire: f) +0 shortbow
Press: ? - help, Q - select action, (/) - cycle Shift-Dir - straight line, f/p - centaur
Aim: a centaur, wielding a +4 shortbow of electrocution and wearing the ring of the Hurtling Messenger {Will+ Slay+3} (moderately wounded, 79% to hit)
You shoot an arrow.
The arrow hits the centaur but does no damage.
The centaur is moderately wounded.
The centaur shoots an arrow.
The arrow hits you!
Fire: f) +0 shortbow
Press: ? - help, Q - select action, (/) - cycle Shift-Dir - straight line, f/p - centaur
Aim: a centaur, wielding a +4 shortbow of electrocution and wearing the ring of the Hurtling Messenger {Will+ Slay+3} (moderately wounded, 79% to hit)
You shoot an arrow. The arrow hits the centaur.
The centaur is heavily wounded.
The centaur shoots an arrow.
The arrow hits you!
* * * LOW HITPOINT WARNING * * *
The centaur shoots an arrow.
The arrow hits you!
You die...

................## #....## #.#
(##.##..###'###..###....<# #.#
.##.#..##.....##..###....#####.#
.##...#####.#####....#.......#.#
.######[...)....##...###.###.#.##
.# ######.######...............
.# #...........#..####.###.#.##
.## ######.######.## #.# #.#.#
..#### .....c..)@#.# #.# #.#.#
.....######.######.# #.# #.#.#
#######......[..##.# #.#..
#####.#####..# #.#.#
#.oO..##...## #.#.#
##.....###..## #.#.#.# #
###.....##..###.....#### .#
##..#... ##.............
...#..##..# ##..##........


You could see a centaur.

Vanquished Creatures
  A two-headed ogre (D:7)
  A cyclops (D:7)
  An unseen horror (D:7)
  3 trolls (D:7)
  A slime creature (D:7)
  A wraith (D:7)
  A basilisk (shapeshifter) (D:5)
  A vampire mosquito (D:7)
  Menkaure (D:6)
  A water moccasin (D:6)
  An orc warrior (D:7)
  A sky beast (D:7)
  2 black bears
  A centaur (D:7)
  An ogre (D:4)
  2 phantoms (D:4)
  2 bullfrogs
  A gnoll sergeant (D:7)
  2 scorpions
  A howler monkey (D:6)
  2 hounds (D:4)
  5 crimson imps (D:7)
  A jelly (D:5)
  An orc priest (D:5)
  2 iguanas
  An orc wizard (D:6)
  3 gnolls (D:4)
  8 adders
  6 white imps (D:7)
  3 ufetubi
  A worm (D:2)
  4 dart slugs
  13 orcs
  7 ball pythons
  7 endoplasms
  4 giant cockroaches
  6 goblins
  9 hobgoblins
  6 jackals
  5 quokkas
  4 bats
  5 frilled lizards
  11 kobolds
  4 rats
  2 butterflies (D:5)
146 creatures vanquished.

Vanquished Creatures (others)
  A crimson imp (D:7)
1 creature vanquished.

Grand Total: 147 creatures vanquished

Notes
Turn   | Place    | Note
-------+----------+-------------------------------------------
     0 | D:1      | Newt the Kobold Hunter began the quest for the Orb.
     0 | D:1      | Reached XP level 1. HP: 12/12 MP: 1/1
   112 | D:1      | Reached XP level 2. HP: 18/18 MP: 2/2
   475 | D:1      | Found Vuyl's Antique Armour Boutique.
   500 | D:1      | Reached XP level 3. HP: 21/23 MP: 3/3
   887 | D:2      | Reached XP level 4. HP: 27/30 MP: 4/4
  1280 | D:3      | Reached skill level 5 in Fighting
  1524 | D:3      | Reached XP level 5. HP: 34/35 MP: 5/5
  1598 | D:3      | Found a faded altar of an unknown god.
  1646 | D:3      | Prayed at the altar of an unknown god.
  1646 | D:3      | Became a worshipper of Qazlal Stormbringer
  1646 | D:3      | Reached * piety under Qazlal
  1831 | D:4      | Noticed a black bear
  1833 | D:4      | Noticed an ogre
  1846 | D:3      | Killed a black bear
  1847 | D:3      | Reached XP level 6. HP: 19/40 MP: 6/6
  2211 | D:4      | Reached XP level 7. HP: 43/44 MP: 7/7
  2327 | D:4      | Reached ** piety under Qazlal
  2810 | D:5      | Entered Level 5 of the Dungeon
  2856 | D:5      | an orc warrior changed into a shapeshifter
  2856 | D:5      | Noticed a shapeshifter (shapeshifter)
  2856 | D:5      | a shapeshifter changed into a spriggan
  2856 | D:5      | Noticed a spriggan (shapeshifter)
  2869 | D:5      | a spriggan changed into a basilisk
  2869 | D:5      | Noticed a basilisk (shapeshifter)
  2879 | D:5      | Killed a basilisk
  2880 | D:5      | Reached XP level 8. HP: 40/49 MP: 8/8
  2980 | D:5      | Reached skill level 1 in Evocations
  3031 | D:5      | Found a shimmering altar of Xom.
  3554 | D:6      | Reached skill level 5 in Evocations
  3554 | D:6      | Reached skill level 1 in Invocations
  3641 | D:6      | Found a glowing golden altar of the Shining One.
  3652 | D:6      | Found an ancient bone altar of Kikubaaqudgha.
  3658 | D:6      | Found a hide-covered altar of Uskayaw.
  3730 | D:6      | Noticed Menkaure
  3736 | D:6      | Killed Menkaure
  3998 | D:6      | Reached XP level 9. HP: 54/54 MP: 12/12
  3999 | D:6      | Found a radiant altar of Vehumet.
  3999 | D:6      | Found a basalt altar of Yredelemnul.
  4109 | D:6      | Found a staircase to the Ecumenical Temple.
  4427 | D:7      | Reached skill level 5 in Invocations
  4992 | D:7      | Noticed a troll
  5264 | D:7      | Killed a troll
  5638 | D:7      | Noticed an unseen horror
  5647 | D:7      | Killed an unseen horror
  5648 | D:7      | Reached skill level 1 in Armour
  5750 | D:7      | Noticed a troll
  5782 | D:7      | Killed a troll
  5785 | D:7      | Reached XP level 10. HP: 16/66 MP: 13/13
  6156 | D:7      | Noticed a cyclops
  6238 | D:7      | Killed a cyclops
  6239 | D:7      | Reached skill level 5 in Armour
  6239 | D:7      | Reached skill level 1 in Shields
  6295 | D:7      | Noticed a two-headed ogre
  6317 | D:7      | Killed a two-headed ogre
  6448 | D:7      | Identified the +11 battleaxe "Emeuptol" {holy, Dex+5 SInv
                  | Stlth+}
  6448 | D:7      | Identified the ring of the Hurtling Messenger {Will+
                  | Slay+3}
  6451 | D:7      | Shot with an arrow by a centaur

Illustrated notes

Levels and vault maps discovered:
D:1:      minmay_arrival_glassed_features, layout_basic, serial_shops,
          shop_statue
D:2:      layout_basic
D:3:      layout_rooms, ebering_ecumenical_altar_hall,
          ebering_dispersal_statue_hall
D:4:      layout_cave_pools, reono_crystal_passage
D:5:      layout_basic, xom_butterflies
D:6:      layout_basic, minmay_overflow_temple_star_quad,
          gammafunk_temple_overflow_pools,
          minmay_temple_entry_statues_fountains, uniq_menkaure
D:7:      minmay_the_grid_octo_triangle [minmay_the_grid_octo_pinwheel,
          minmay_the_grid_octo_prize_square_snowflake,
          minmay_the_grid_octo_teeth], layout_loops_ring, minmay_nine_imps

Skill      XL: |  1  2  3  4  5  6  7  8  9 10 |
---------------+-------------------------------+-----
Fighting       | 3 4 5 9 |  9.0
Ranged Weapons | 7 8 9 |  9.0
Dodging        | 6 |  6.0
Evocations     | 5 |  5.0
Invocations    | 4 5 |  5.0
Armour         | 2 5 |  5.0
Shields        | 4 |  4.0
Stealth        | |  1.3

Action                     |  1- 3 |  4- 6 |  7- 9 | 10-12 || total
---------------------------+-------+-------+-------+-------++-------
   Fire: Shortbow          |    77 |   103 |   276 |    90 ||   546
 Invoke: Upheaval          |       |       |     1 |       ||     1
  Evoke: Wand              |       |       |     4 |     5 ||     9
    Use: Scroll            |     4 |       |     8 |       ||    12
         Potion            |       |       |     9 |       ||     9
 Armour: Leather armour    |    12 |    11 |    24 |       ||    47
         Troll leather arm |       |       |    14 |    12 ||    26
  Dodge: Dodged            |    56 |    61 |   166 |    54 ||   337
  Block: Other             |       |       |    21 |     8 ||    29

Table legend: (Time is in decaauts)
 A = Elapsed time spent in this place.
 B = Non-inter-level travel time spent in this place.
 C = Inter-level travel time spent in this place.
 D = Time resting spent in this place.
 E = Time spent auto-exploring this place.
 F = Levels seen in this place.
 G = Mean time per level.
                   A        B        C        D        E       F      G
               +--------+--------+--------+--------+--------+-----+--------+
         Total |   6515 |   6366 |    149 |   1446 |   3883 |   7 |  930.7 |
       Dungeon |   6515 |   6366 |    149 |   1446 |   3883 |   7 |  930.7 |
               +--------+--------+--------+--------+--------+-----+--------+

Top non-repeatable levels by time:
     D:7: 2129 daAuts
     D:3: 860 daAuts
     D:6: 838 daAuts
     D:4: 724 daAuts
     D:5: 695 daAuts
     D:1: 690 daAuts
     D:2: 575 daAuts
